Map: Crystal Pools

Players

Night

  • Race: Zerg Zerg
  • Spawn Location: 7:00

SkiTeacher

  • Race: Protoss Protoss
  • Spawn Location: 9:00

KingKong - Winner!

  • Race: Zerg Zerg
  • Spawn Location: 1:00

Dreamer - Winner!

  • Race: Terran Terran
  • Spawn Location: 3:00

VOD

Have the link to the VOD?

Description

Time

  • Played on: April 2, 2017, 1:48 a.m.
  • Length: 15:39
Show
View Real Time Build Order
Export as new Build Order

Night Zerg 

Build Orders: Hatch First, Muta Ling Bane 

Get SALT Encoding   

  12  0:01  Drone  
  13  0:13  Overlord  
  13  0:20  Drone  
  14  0:32  Drone x2  
  14  0:35  Drone  
  17  0:55  Hatchery  
  16  0:58  Drone  
  16  1:01  Drone  
  18  1:06  Extractor  
  17  1:17  Spawning Pool  
  16  1:20  Drone  
  16  1:24  Drone  
  18  1:30  Drone  
  19  1:39  Overlord  
  19  1:51  Drone  
  20  2:03  Queen  
  20  2:04  Drone  
  20  2:08  Zergling x2, Queen  
  25  2:13  Metabolic Boost  
  26  2:17  Zergling x2  
  26  2:20  Drone  
  28  2:23  Drone  
  29  2:30  Drone  
  29  2:35  Drone  
  31  2:40  Drone  
  32  2:45  Overlord  
  32  2:58  Drone x2  
  32  3:04  Hatchery  
  33  3:09  Drone x2  
  33  3:11  Baneling Nest  
  33  3:12  Drone x2  
  36  3:19  Drone x3  
  39  3:25  Drone, Overlord  
  40  3:31  Drone x2  
  42  3:35  Zergling x2  
  43  3:42  Overlord  
  43  3:43  Zergling x2  
  43  3:44  Zergling x6  
  47  3:51  Zergling x6  
  50  3:57  Zergling x2  
  50  3:58  Zergling x2  
  50  3:59  Baneling x3  
  52  4:04  Overlord, Extractor  
  52  4:07  Zergling x2  
  52  4:13  Zergling x2  
  52  4:16  Overlord  
  53  4:17  Drone x4  
  53  4:21  Extractor  
  55  4:27  Drone x2  
  55  4:28  Drone  
  55  4:30  Queen  
  60  4:31  Lair  
  60  4:34  Drone x2  
  60  4:35  Baneling  
  58  4:56  Zergling x10  
  58  4:57  Zergling x12  
  60  5:12  Zergling x10  
  65  5:16  Queen  
  65  5:19  Overlord  
  65  5:20  Extractor  
  61  5:24  Baneling  
  61  5:25  Drone x2  
  64  5:28  Drone  
  64  5:31  Overlord  
  64  5:36  Spire  
  58  5:43  Drone  
  58  5:44  Drone x7  
  58  5:49  Zergling x8  
  67  5:53  Zergling x2  
  67  6:00  Zergling x2  
  68  6:06  Overlord, Centrifical Hooks  
  68  6:08  Baneling x2  
  68  6:13  Overlord  
  68  6:14  Evolution Chamber  
  68  6:15  Evolution Chamber  
  68  6:16  Zergling x4  
  68  6:17  Hatchery, Zergling x2  
  68  6:25  Overlord x2  
  68  6:37  Drone  
  69  6:49  Mutalisk x4  
  69  6:50  Mutalisk, Zerg Flyer Weapons Level 1  
  78  7:00  Baneling  
  78  7:01  Mutalisk  
  78  7:04  Zergling x12  
  78  7:07  Baneling  
  79  7:19  Mutalisk  
  79  7:20  Mutalisk x4  
  83  7:26  Zergling x4  
  84  7:32  Mutalisk  
  84  7:41  Hatchery  
  84  7:43  Baneling x2  
  83  7:44  Overlord x2  
  83  7:45  Zerg Melee Weapons Level 1  
  83  7:53  Overlord x2  
  82  8:00  Zerg Ground Armor Level 1  
  82  8:02  Overlord  
  72  8:05  Hatchery  
  71  8:13  Overlord  
  71  8:16  Mutalisk x2  
  71  8:18  Zergling x4  
  71  8:19  Zergling x8  
  81  8:29  Mutalisk  
  83  8:35  Baneling x2  
  83  8:39  Zergling x4  
  81  8:45  Mutalisk  
  81  8:48  Zergling x14  
  90  9:02  Mutalisk x2  
  94  9:12  Hatchery  
  94  9:16  Mutalisk x2  
  97  9:19  Queen  
  97  9:20  Queen  
  101  9:24  Zergling x6  
  101  9:25  Zergling x8  
  108  9:34  Infestation Pit  
  108  9:37  Mutalisk  
  109  9:48  Zergling x14  
  109  9:49  Zergling x4  
  109  9:51  Baneling x3  
  109  9:52  Baneling  
  115  10:06  Overlord  
  115  10:07  Overlord x2  
  115  10:19  Overlord x3  
  115  10:20  Overlord  
  115  10:26  Baneling x3  
  114  10:29  Zerg Melee Weapons Level 2  
  114  10:43  Mutalisk x3  
  120  10:51  Baneling x2  
  120  10:52  Baneling x2  
  120  10:56  Mutalisk  
  84  11:18  Mutalisk  
  84  11:19  Mutalisk x2  
  84  11:24  Zergling x14  
  84  11:25  Zergling x2  
  95  11:33  Zergling x8  
  95  11:38  Queen  
  99  11:42  Extractor  
  98  11:49  Zergling x10  
  86  12:04  Zergling x2  
  86  12:05  Zergling x12  
  78  12:14  Pathogen Glands  
  77  12:21  Burrow  
  77  12:26  Zerg Ground Armor Level 2  
  77  12:42  Hatchery  
  66  13:14  Infestor x6  
  74  13:20  Drone x2  
  76  13:28  Zergling x2  
  76  13:29  Zergling x20  
  76  13:33  Infestor  
  88  13:44  Baneling x2, Zergling x6  
  88  13:45  Zergling x2  
  88  13:46  Infestor  
  94  14:06  Infestor  
  94  14:08  Hatchery  
  97  14:16  Baneling x7  
  93  14:45  Zergling x8  
  95  14:57  Hatchery  
Show
View Real Time Build Order
Export as new Build Order

SkiTeacher Protoss 

Build Orders: 1 Gate Expand, Oracle Opening, Colossus Rush 

Get SALT Encoding   

  12  0:01  Probe (Chrono Boost)  
  13  0:12  Probe (Chrono Boost)  
  14  0:17  Pylon  
  14  0:22  Probe (Chrono Boost)  
  16  0:35  Probe (Chrono Boost)  
  16  0:37  Gateway  
  16  0:46  Probe (Chrono Boost)  
  16  0:47  Assimilator  
  17  0:52  Assimilator  
  17  0:57  Probe (Chrono Boost)  
  18  1:07  Probe (Chrono Boost)  
  19  1:27  Nexus  
  19  1:39  Cybernetics Core  
  19  1:42  Probe (Chrono Boost)  
  20  1:51  Pylon  
  20  1:56  Probe (Chrono Boost)  
  21  2:06  Probe (Chrono Boost)  
  22  2:19  Mothership Core (Chrono Boost)  
  22  2:20  Adept  
  22  2:22  Warp Gate  
  25  2:36  Stargate  
  26  2:38  Probe (Chrono Boost)  
  26  2:42  Probe (Chrono Boost)  
  26  2:43  Adept  
  29  2:53  Probe x2 (Chrono Boost)  
  31  3:05  Probe (Chrono Boost)  
  33  3:06  Probe (Chrono Boost)  
  33  3:10  Adept  
  35  3:15  Oracle  
  35  3:16  Probe (Chrono Boost)  
  35  3:18  Probe (Chrono Boost)  
  37  3:26  Probe (Chrono Boost)  
  41  3:27  Pylon  
  41  3:32  Probe (Chrono Boost)  
  42  3:37  Probe (Chrono Boost)  
  42  3:39  Adept  
  45  3:44  Probe (Chrono Boost)  
  45  3:47  Probe (Chrono Boost)  
  48  3:56  Probe (Chrono Boost)  
  48  3:58  Robotics Facility, Probe (Chrono Boost)  
  49  4:08  Probe (Chrono Boost)  
  49  4:09  Probe (Chrono Boost)  
  51  4:13  Assimilator  
  51  4:18  Assimilator  
  51  4:19  Probe (Chrono Boost)  
  51  4:21  Probe (Chrono Boost)  
  51  4:22  Pylon  
  53  4:29  Probe (Chrono Boost)  
  54  4:41  Probe (Chrono Boost)  
  54  4:43  Probe (Chrono Boost)  
  56  4:47  Observer  
  56  4:49  Robotics Bay  
  58  4:54  Probe (Chrono Boost)  
  58  4:55  Probe (Chrono Boost)  
  59  5:06  Probe (Chrono Boost)  
  60  5:07  Pylon x2  
  60  5:11  Gateway  
  60  5:13  Probe (Chrono Boost)  
  61  5:17  Gateway  
  61  5:20  Pylon  
  65  5:29  Colossus  
  65  5:30  Adept  
  65  5:34  Probe (Chrono Boost), Pylon  
  68  5:42  Probe (Chrono Boost)  
  71  5:46  Pylon x2  
  71  5:48  Gateway  
  71  5:51  Gateway  
  71  5:53  Forge  
  71  5:55  Forge  
  72  5:58  Probe x2 (Chrono Boost)  
  73  6:07  Pylon  
  74  6:11  Extended Thermal Lance  
  74  6:12  Probe (Chrono Boost)  
  74  6:15  Twilight Council  
  74  6:16  Zealot  
  74  6:17  Zealot  
  78  6:21  Colossus  
  78  6:22  Protoss Ground Armor Level 1  
  78  6:24  Protoss Ground Weapons Level 1  
  84  6:31  Probe (Chrono Boost)  
  84  6:32  Probe (Chrono Boost)  
  86  6:35  Pylon  
  86  6:36  Pylon  
  86  6:45  Adept  
  86  6:46  Adept  
  90  6:48  Adept x2  
  90  6:49  Adept  
  90  6:50  Pylon  
  90  6:52  Resonating Glaives  
  96  7:07  Pylon  
  97  7:16  Probe (Chrono Boost)  
  97  7:19  Pylon  
  97  7:27  Probe (Chrono Boost)  
  97  7:28  Pylon  
  98  7:33  Probe (Chrono Boost)  
  96  7:38  Adept x2  
  96  7:39  Adept x3, Probe (Chrono Boost)  
  96  7:42  Colossus  
  113  7:48  Nexus  
  113  7:51  Pylon  
  113  7:53  Probe (Chrono Boost)  
  114  7:59  Oracle, Pylon  
  114  8:01  Adept  
  114  8:02  Adept  
  121  8:08  Assimilator  
  121  8:09  Protoss Ground Weapons Level 2  
  121  8:10  Adept x2, Assimilator  
  125  8:25  Adept x3  
  128  8:34  Observer  
  128  8:36  Probe (Chrono Boost)  
  110  8:51  Probe (Chrono Boost)  
  110  8:52  Probe (Chrono Boost)  
  112  8:59  Stalker x4  
  121  9:03  Probe (Chrono Boost)  
  121  9:07  Protoss Ground Armor Level 2  
  113  9:12  Stalker  
  115  9:21  Blink  
  115  9:29  Nexus  
  115  9:33  Immortal  
  120  9:39  Probe (Chrono Boost)  
  120  9:43  Stalker x3  
  126  9:51  Stalker x2  
  130  9:53  Photon Cannon  
  129  10:08  Stalker x2  
  129  10:09  Stalker  
  129  10:12  Warp Prism  
  137  10:19  Stalker x2  
  141  10:26  Probe (Chrono Boost)  
  142  10:32  Mothership Core (Chrono Boost), Stalker  
  142  10:33  Stalker x2  
  151  10:44  Probe (Chrono Boost)  
  151  10:45  Stalker  
  151  10:46  Stalker  
  151  10:48  Warp Prism, Pylon  
  144  11:07  Adept x3  
  144  11:08  Protoss Ground Weapons Level 3  
  137  11:12  Protoss Ground Armor Level 3  
  137  11:13  Adept x2, Probe (Chrono Boost)  
  131  11:18  Gateway x2  
  131  11:21  Gateway  
  125  11:32  Adept x3  
  120  11:45  Probe (Chrono Boost)  
  121  11:48  Assimilator  
  121  11:50  Assimilator  
  121  11:58  Adept x2  
  121  12:00  Adept x3  
  115  12:10  Observer  
  116  12:19  Probe (Chrono Boost)  
  117  12:29  Mothership Core (Chrono Boost)  
  102  12:37  Probe (Chrono Boost)  
  102  12:38  Colossus  
  102  12:41  Probe (Chrono Boost)  
  94  12:44  Probe (Chrono Boost)  
  94  12:45  Robotics Facility  
  94  12:49  Gateway  
  94  12:51  Gateway  
  94  12:55  Adept  
  94  12:56  Adept x4  
  94  12:57  Adept x3  
  110  13:00  Pylon  
  110  13:18  Stalker  
  110  13:19  Stalker x3  
  112  13:20  Adept x2, Stalker  
  112  13:21  Adept  
  112  13:23  Pylon  
  112  13:25  Colossus  
  132  13:43  Stalker x3  
  132  13:44  Adept x2  
  132  13:45  Adept x3  
  148  13:51  Adept x2  
  148  13:53  Oracle  
  151  14:10  Pylon  
  151  14:11  Probe (Chrono Boost)  
  151  14:12  Colossus  
  145  14:17  Nexus  
  145  14:22  Stalker x3  
  145  14:23  Stalker x2  
  161  14:28  Robotics Facility  
  161  14:31  Probe (Chrono Boost)  
  148  14:57  Adept x2  
  148  14:58  Adept x3, Pylon  
  158  15:00  Pylon  
  120  15:33  Adept x3  
  120  15:34  Adept x3  
Show
View Real Time Build Order
Export as new Build Order

KingKong Zerg - Winner!

Build Orders: Hatch First 

Get SALT Encoding   

  12  0:00  Drone  
  13  0:13  Overlord  
  13  0:18  Drone  
  14  0:31  Drone x2  
  14  0:35  Drone  
  17  0:54  Hatchery  
  17  0:56  Drone  
  17  1:00  Drone  
  18  1:09  Extractor  
  17  1:15  Spawning Pool  
  17  1:17  Drone  
  17  1:20  Drone  
  18  1:28  Drone  
  19  1:39  Drone  
  20  1:50  Drone  
  21  2:01  Overlord  
  21  2:06  Queen x2  
  21  2:07  Drone  
  26  2:12  Metabolic Boost  
  26  2:16  Drone  
  27  2:30  Hatchery  
  27  2:32  Drone  
  27  2:35  Drone  
  28  2:38  Drone  
  29  2:45  Zergling x4  
  29  2:47  Drone  
  29  2:51  Drone  
  33  2:55  Drone  
  34  3:00  Overlord  
  34  3:10  Drone  
  35  3:16  Drone  
  35  3:17  Pneumatized Carapace, Overlord  
  35  3:19  Drone  
  39  3:20  Drone x2  
  39  3:25  Drone x3  
  42  3:29  Spore Crawler  
  42  3:31  Spore Crawler  
  40  3:34  Zergling x2  
  40  3:35  Zergling x2  
  40  3:39  Zergling x2  
  42  3:42  Zergling x2  
  42  3:43  Zergling x2  
  44  3:49  Zergling x6  
  44  3:50  Zergling x2  
  44  3:53  Zergling x2  
  44  3:55  Zergling x2  
  52  4:04  Zergling x2  
  52  4:05  Zergling x2  
  52  4:06  Drone  
  55  4:13  Drone  
  55  4:14  Overlord  
  56  4:19  Zergling x2  
  56  4:20  Overlord  
  50  4:25  Evolution Chamber  
  50  4:26  Drone, Evolution Chamber, Zergling x2  
  50  4:27  Zergling x6  
  50  4:30  Zergling x2  
  54  4:32  Zergling x2  
  54  4:33  Zergling x2  
  54  4:36  Queen  
  54  4:37  Zergling x2  
  57  4:43  Zergling x4  
  56  4:52  Zergling x4, Zerg Melee Weapons Level 1  
  55  4:53  Zerg Ground Armor Level 1  
  55  4:59  Zergling x6  
  57  5:02  Zergling x2  
  57  5:04  Drone  
  59  5:09  Overlord  
  59  5:10  Overlord  
  59  5:17  Zergling x2  
  59  5:18  Overlord  
  56  5:29  Hatchery  
  56  5:32  Zergling x2  
  56  5:33  Zergling x6  
  56  5:35  Zergling x4  
  59  5:39  Zergling x4  
  59  5:40  Zergling x2  
  55  5:43  Zergling x2  
  54  5:52  Zergling x4  
  54  5:56  Zergling x6  
  59  6:01  Drone  
  60  6:07  Zergling x2  
  60  6:08  Drone x3  
  64  6:11  Lair  
  64  6:15  Zergling x2  
  65  6:19  Baneling Nest  
  65  6:20  Extractor  
  65  6:25  Drone x4  
  67  6:29  Zergling x2  
  67  6:30  Zergling x2  
  67  6:38  Drone  
  67  6:39  Drone  
  69  6:44  Zergling x4  
  69  6:46  Drone x2  
  73  6:47  Queen  
  73  6:51  Zergling x2  
  72  6:58  Zergling x2  
  72  6:59  Zergling x2  
  73  7:02  Drone  
  73  7:03  Drone  
  73  7:06  Spine Crawler  
  74  7:12  Zergling x10  
  74  7:13  Drone x2  
  76  7:18  Zergling x2  
  76  7:19  Zergling x4  
  76  7:30  Spore Crawler  
  76  7:33  Hydralisk Den  
  76  7:34  Zergling x6  
  76  7:37  Queen  
  74  7:38  Drone x2  
  74  7:43  Drone x4  
  82  7:47  Hydralisk Den  
  82  7:48  Drone, Extractor  
  82  7:49  Drone, Extractor  
  82  7:52  Spore Crawler  
  82  7:53  Drone  
  82  7:55  Infestation Pit  
  80  8:04  Zergling x8  
  80  8:05  Muscular Augments  
  84  8:07  Drone  
  84  8:09  Drone  
  85  8:18  Zergling x2  
  85  8:19  Zerg Ground Armor Level 2  
  85  8:20  Zerg Missile Weapons Level 1  
  85  8:22  Drone x3  
  88  8:27  Drone  
  88  8:28  Drone, Overlord  
  89  8:37  Zergling x10  
  88  8:43  Zergling x4  
  88  8:44  Zergling x2  
  88  8:45  Zergling x2  
  88  8:48  Zergling x2  
  86  8:52  Zergling x6  
  86  8:53  Hydralisk  
  86  8:54  Hydralisk  
  87  8:58  Hydralisk  
  87  9:01  Extractor  
  87  9:02  Hydralisk  
  86  9:03  Extractor  
  86  9:04  Hydralisk  
  86  9:05  Centrifical Hooks  
  86  9:07  Baneling  
  86  9:08  Baneling x2  
  86  9:13  Hydralisk  
  86  9:15  Drone  
  86  9:16  Overlord  
  89  9:20  Overlord x2  
  89  9:31  Overlord  
  89  9:32  Pathogen Glands  
  89  9:37  Hydralisk x3  
  94  9:42  Hydralisk  
  94  9:52  Hydralisk x2  
  98  9:59  Hatchery  
  97  10:01  Hydralisk  
  97  10:06  Hydralisk  
  100  10:09  Hydralisk  
  100  10:12  Hydralisk  
  104  10:14  Hydralisk  
  104  10:20  Zerg Missile Weapons Level 2  
  106  10:21  Drone  
  106  10:25  Hydralisk x2  
  111  10:28  Overseer  
  111  10:32  Hydralisk  
  111  10:34  Baneling x4  
  113  10:40  Overlord x2  
  113  10:50  Overlord  
  113  10:53  Overlord  
  113  11:03  Hydralisk x5  
  118  11:04  Hydralisk  
  118  11:07  Hydralisk  
  118  11:10  Hydralisk  
  112  11:18  Hydralisk  
  97  11:21  Hydralisk  
  97  11:22  Hydralisk  
  97  11:24  Hydralisk  
  103  11:28  Hydralisk x2  
  103  11:31  Hydralisk  
  109  11:34  Hydralisk  
  109  11:36  Hydralisk  
  104  11:50  Overlord x2  
  96  12:01  Hydralisk x3  
  96  12:03  Hydralisk  
  96  12:04  Hydralisk  
  96  12:07  Hydralisk  
  98  12:08  Hydralisk  
  98  12:09  Hydralisk x2  
  98  12:12  Hydralisk  
  100  12:16  Hydralisk  
  100  12:22  Hydralisk  
  97  12:24  Hydralisk  
  97  12:28  Hydralisk x2  
  95  12:35  Hydralisk x2  
  95  12:36  Hydralisk  
  101  12:40  Drone x2  
  101  12:43  Drone  
  104  12:46  Hydralisk  
  104  12:49  Drone x2  
  108  12:54  Hydralisk  
  110  13:00  Hydralisk, Spore Crawler  
  111  13:17  Overlord  
  111  13:23  Overlord, Hatchery  
  110  13:27  Overlord x2  
  110  13:31  Overlord  
  110  13:35  Queen  
  110  13:36  Zergling x2  
  110  13:37  Overlord x2  
  113  13:44  Overlord  
  113  13:46  Hydralisk  
  115  13:49  Zergling x6  
  115  13:53  Zergling x6  
  115  13:55  Zergling x2  
  122  14:04  Zergling x4  
  122  14:05  Zergling x6  
  122  14:07  Zergling x2  
  128  14:11  Zergling x2  
  128  14:12  Zergling x4  
  128  14:16  Zergling x2  
  132  14:18  Zergling x2  
  132  14:19  Zergling x4  
  135  14:25  Zergling x2  
  135  14:27  Baneling  
  135  14:28  Baneling x8  
  136  14:32  Hydralisk  
  138  14:40  Hydralisk x2  
  138  14:42  Hydralisk  
  133  14:48  Hydralisk  
  133  14:50  Hydralisk  
  133  14:51  Drone  
  137  14:53  Drone  
  137  14:55  Drone  
  137  14:59  Zergling x2  
  139  15:06  Hydralisk x2  
  141  15:11  Baneling x6  
  134  15:14  Zergling x2  
Show
View Real Time Build Order
Export as new Build Order

Dreamer Terran - Winner!

Build Orders: Reaper Expand, MMM Bio 

Get SALT Encoding   

  12  0:00  SCV  
  13  0:13  SCV  
  14  0:16  Supply Depot  
  14  0:25  SCV  
  15  0:29  Refinery  
  15  0:38  SCV  
  16  0:44  Barracks  
  16  0:50  SCV  
  17  1:02  SCV  
  18  1:14  SCV  
  19  1:31  Orbital Command  
  19  1:32  Reaper  
  20  1:48  Command Center  
  20  1:55  Supply Depot  
  20  1:57  SCV  
  21  2:04  Barracks Reactor  
  21  2:10  SCV  
  21  2:11  Barracks  
  22  2:22  SCV, Barracks  
  23  2:32  Factory  
  23  2:34  SCV  
  24  2:38  Refinery  
  24  2:46  SCV  
  25  2:57  Marine x2  
  27  2:59  SCV  
  28  3:09  Barracks Tech Lab  
  28  3:10  Marine  
  28  3:11  Orbital Command  
  28  3:17  Factory Reactor, Starport  
  28  3:18  Marine  
  28  3:19  Marine  
  30  3:28  Marine  
  30  3:29  Stimpack  
  30  3:33  SCV  
  32  3:36  Marine  
  32  3:37  Marine x2  
  35  3:44  Engineering Bay  
  35  3:46  Marine  
  35  3:47  SCV  
  35  3:48  SCV  
  38  3:54  Marine  
  39  4:00  Medivac  
  41  4:04  Medivac  
  41  4:06  Marine x3  
  46  4:10  Missile Turret  
  46  4:14  Missile Turret  
  46  4:17  Factory Reactor  
  46  4:30  Supply Depot  
  46  4:51  SCV x2, Marine x4  
  52  5:00  Widow Mine  
  52  5:05  Supply Depot  
  54  5:13  Terran Infantry Weapons Level 1  
  54  5:26  Widow Mine  
  54  5:27  SCV x2, Marine x4  
  62  5:30  Supply Depot  
  62  5:32  Supply Depot  
  62  5:35  Combat Shields  
  62  5:51  Marine x3  
  62  5:52  SCV x2  
  62  5:53  Command Center  
  67  6:03  Barracks Reactor  
  67  6:04  SCV x2  
  66  6:09  Engineering Bay, Marine x3, Barracks x2  
  69  6:13  Medivac  
  69  6:16  SCV x2, Medivac  
  75  6:27  Armory, Marine x3  
  78  6:37  Terran Infantry Armor Level 1  
  78  6:47  Supply Depot  
  78  6:57  Supply Depot  
  78  7:03  Barracks Reactor  
  78  7:04  Medivac, SCV x2, Marine x5, Widow Mine  
  78  7:05  Marine  
  90  7:09  Supply Depot x3  
  90  7:13  Orbital Command  
  90  7:16  SCV x2  
  90  7:22  Marine  
  93  7:26  Marine x2  
  93  7:29  SCV x2  
  97  7:33  Marine  
  97  7:34  Marine  
  97  7:36  Concussive Shells  
  100  7:38  Barracks Tech Lab  
  100  7:40  Marine, Barracks  
  100  7:41  SCV  
  100  7:43  Refinery x2  
  101  7:45  Marine, Orbital Command, Barracks  
  101  7:47  Missile Turret  
  102  7:51  Missile Turret  
  102  7:53  Marauder  
  104  8:14  Marine  
  104  8:15  Marine, Marauder x2  
  104  8:17  SCV x3  
  113  8:24  Marine  
  114  8:29  SCV x2  
  112  8:36  Marauder  
  90  8:47  Marine  
  90  8:48  Marine x2, Marauder  
  93  8:49  Barracks Tech Lab x2  
  93  8:50  SCV x3  
  93  8:53  Marine  
  97  8:58  Marauder  
  97  9:02  SCV x2  
  96  9:09  Marauder  
  94  9:12  Marine x2  
  94  9:13  Medivac x2, Widow Mine x2, Marauder x2  
  94  9:14  Terran Infantry Armor Level 2, Terran Infantry Weapons Level 2  
  108  9:17  SCV  
  108  9:19  Marauder  
  108  9:23  Marine  
  112  9:29  Marine x2  
  112  9:30  Marine x2  
  112  9:31  Marauder  
  118  9:34  Missile Turret x2, Marauder x2  
  122  9:38  Marine  
  122  9:41  Missile Turret  
  122  9:43  Marine, Missile Turret  
  122  9:44  Marauder  
  126  9:47  Marine  
  126  9:48  Marine  
  126  9:52  Marine x2  
  128  9:53  Marauder  
  132  10:03  Command Center  
  132  10:08  Marine  
  132  10:18  Marine  
  132  10:20  Supply Depot  
  132  10:21  Supply Depot  
  133  10:24  Supply Depot  
  133  10:25  Supply Depot  
  133  10:26  Supply Depot  
  133  10:41  Marine x2, Widow Mine  
  133  10:42  Marine x2, Medivac, Marauder  
  149  10:43  Supply Depot, Marauder x3  
  149  10:44  Supply Depot  
  149  10:45  Widow Mine  
  149  10:48  Supply Depot  
  151  10:50  Marine  
  151  10:51  Marine  
  150  11:00  Marine  
  150  11:03  Marauder  
  153  11:04  Marauder x3  
  153  11:06  Marine  
  153  11:09  Marine  
  153  11:10  Marine  
  131  11:12  Marine  
  131  11:16  Marine  
  108  11:18  Marine  
  108  11:23  Marine  
  108  11:25  Marauder x4  
  97  11:27  Marine  
  97  11:28  Marine  
  97  11:30  Marine  
  93  11:33  Marine  
  93  11:35  Orbital Command  
  93  11:36  Marine  
  95  11:41  Marine  
  95  11:44  Marine  
  95  11:46  Marine, Marauder  
  106  11:47  Marauder x3  
  106  11:48  Marine  
  106  11:51  Marine  
  108  11:54  Marine  
  108  11:59  Marine  
  100  12:02  Marine  
  100  12:04  Marine  
  100  12:06  Marine  
  100  12:07  Marauder  
  95  12:08  Marauder x3  
  95  12:09  Marine  
  95  12:12  Marine  
  96  12:23  Marine  
  96  12:24  Marine x2  
  96  12:29  Marauder  
  107  12:30  Marauder x3  
  107  12:40  Marine  
  107  12:41  Marine  
  108  12:50  Marauder  
  108  12:51  Marauder x3  
  114  12:53  Medivac x2, Widow Mine x2  
  122  13:00  Terran Infantry Weapons Level 3  
  122  13:08  Liberator x2, Orbital Command  
  122  13:12  Marauder x2  
  126  13:19  Marine x3  
  128  13:20  Marine x2  
  128  13:25  Widow Mine x2  
  141  13:42  SCV  
  141  13:43  SCV x2  
  144  13:51  Liberator x2  
  144  13:54  SCV, Widow Mine  
  144  13:55  SCV  
  148  13:58  Missile Turret  
  148  14:00  Missile Turret  
  148  14:01  Missile Turret  
  152  14:10  Starport  
  146  14:32  Marine x2, Widow Mine, Marauder  
  146  14:33  Liberator, Widow Mine, Marauder  
  146  14:34  Marauder  
  161  14:55  Marine  
  161  14:56  Marauder  
  161  14:57  Marine, Marauder  
  167  15:00  Marine  
  167  15:01  Marauder  
  167  15:04  Marine, Marauder  
Tags
 
Add a new tag
Caveats
  • Supply blocks, unpowered buildings, or Contaminate may cause inaccurate times.
  • Supply counts are checked every 10 seconds.